 Dungeon Crawl Stone Soup version 0.22-a0-247-gbddf880757 (webtiles) character file.

56 NooBeakApe the Magician (level 3, 0/26 HPs)
             Began as a Mummy Fire Elementalist on Feb 27, 2018.
             Slain by an adder (2 damage)
             ... on level 2 of the Dungeon.
             The game lasted 00:04:26 (1436 turns).

NooBeakApe the Magician (Mummy Fire Elementalist)   Turns: 1436, Time: 00:04:26

Health: 0/26       AC:  4    Str: 11    XL:     3   Next: 69%
Magic:  2/8        EV: 12    Int: 15    God:
Gold:   96         SH:  0    Dex: 12    Spells: 5/9 levels left

rFire    x . .     SeeInvis .   (no weapon)
rCold    + . .     Gourm    .   (no shield)
rNeg     + + +     Faith    .   b - +1 leather armour
rPois    ∞         Spirit   .   (no helmet)
rElec    .         Reflect  .   (no cloak)
rCorr    .         Harm     .   (no gloves)
MR       .....                  (no boots)
Stlth    ..........             (no amulet)
HPRegen  0.08/turn              a - ring of loudness
MPRegen  0.11/turn              (no ring)

@: very slightly contaminated
A: no food or potions, fire vulnerability, cold resistance 1, negative energy
resistance 3, torment resistance, unbreathing
a: no special abilities


You were on level 2 of the Dungeon.
You were not hungry.

You visited 1 branch of the dungeon, and saw 2 of its levels.

You collected 96 gold pieces.

Inventory:

Armour
 b - a +1 leather armour (worn)
Jewellery
 a - a ring of loudness (left hand)
Scrolls
 c - a scroll of remove curse


   Skills:
 + Level 1.3 Fighting
 + Level 1.9 Dodging
 - Level 1.5 Stealth
 * Level 3.8 Spellcasting
 - Level 1.0 Conjurations
 + Level 2.8 Fire Magic


You had 5 spell levels left.
You knew the following spells:

 Your Spells              Type           Power        Failure   Level  Hunger
a - Flame Tongue          Conj/Fire      #....        11%         1    N/A
b - Conjure Flame         Conj/Fire      #.......     32%         3    N/A

Dungeon Overview and Level Annotations

Branches:
Dungeon (2/15)

Altars:


Innate Abilities, Weirdness & Mutations

You do not eat or drink.
Your flesh is vulnerable to fire.
You are immune to poison.
Your flesh is cold resistant. (rC+)
You are immune to negative energy. (rN+++)
You are immune to unholy pain and torment.
You can survive without breathing.


Message History

The adder barely misses you. The adder bites you. x2
Casting: Flame Tongue (safe; 12% risk of failure)
Confirm with . or Enter, or press ? or * to list all spells.
Aiming: Flame Tongue (safe; 12% risk of failure)
Press: ? - help, Shift-Dir - straight line, f/p - adder
Aim: an adder (almost dead)
The flame tongue hits the adder.
You kill the adder!
The adder completely misses you. The adder bites you.
* * * LOW HITPOINT WARNING * * *
The adder bites you but does no damage. The adder misses you.
The adder bites you but does no damage. The adder bites you.
* * * LOW HITPOINT WARNING * * *
You see here a fuming brown potion.
The adder bites you.
* * * LOW HITPOINT WARNING * * *
The adder barely misses you. The adder bites you.
You die...

##.*#≈#≈≈≈≈#≈.# #...#
#...≈≈≈≈#≈≈#..# #...#
#...###≈≈##≈..# #...#
*********.....##≈#....# #...#
,,,,,,,,,.............# ##...#
*************#....!.### #....#
,,,,,*,,,,,* ##S##### #....#
,,,,,*,,,,,* #.S# #....#
,,,,,*,,,,,* ##@# #....#
,,,,,*,,,,,* #.#* #....#
*,,,,*,,,,,****#..#########..<.##
*,,,,*,,,,,+,,,..................
,*,,,+,,,,,****##.######.†.......
*,,,,************..* #.########
*,,,,* *,,,,,,..* #......# ,,,,,*
*,,,,,,..#* #......# ,,,,,*
*,,,,,,,,,* #......###


You could see 2 adders.

Vanquished Creatures
  An adder (D:2)
  4 dart slugs (D:1)
  2 leopard geckos (D:1)
  A giant cockroach (D:1)
  A goblin (D:1)
  5 hobgoblins (D:1)
  4 jackals (D:1)
  5 kobolds
  A ball python (D:1)
  2 bats (D:2)
  4 frilled lizards (D:1)
  7 rats
37 creatures vanquished.

Vanquished Creatures (others)
  4 toadstools (D:1)
4 creatures vanquished.

Grand Total: 41 creatures vanquished

Notes
Turn   | Place    | Note
-------+----------+-------------------------------------------
     0 | D:1      | NooBeakApe the Mummy Fire Elementalist began the quest for the Orb.
     0 | D:1      | Reached XP level 1. HP: 13/13 MP: 4/4
   114 | D:1      | Reached skill level 3 in Spellcasting
   114 | D:1      | Reached skill level 1 in Conjurations
   115 | D:1      | Reached XP level 2. HP: 5/20 MP: 1/6
   578 | D:1      | Reached skill level 1 in Fighting
   800 | D:1      | Reached XP level 3. HP: 26/26 MP: 6/8
   805 | D:1      | Learned a level 3 spell: Conjure Flame
  1436 | D:2      | Slain by an adder

Vault maps used:
D:1:      ldierk_water_garden
D:2:      minivault_4, kennysheep_generic_room_2

Skill      XL: |  1  2 |
---------------+-------+-----
Spellcasting   | 3 |  3.8
Conjurations   | 1 |  1.0
Fighting       | 1 |  1.3
Dodging        | |  1.9
Stealth        | |  1.5
Fire Magic     | |  2.8

Action                   || total
-------------------------++-------
Melee: Unarmed           ||     1
 Cast: Flame Tongue      ||    68
  Use: Scroll            ||     5
Armor: Leather armour    ||     6
Dodge: Dodged            ||    30

Table legend:
 A = Spawn XP
 B = Non-spawn XP
 C = Spawn XP percentage of total XP
 D = Spawn monster count
 E = Non-spawn monster count
 F = Spawn count percentage of total count
 G = Total turns spent on level
                    A         B        C        D         E        F      G
               +---------+---------+-------+---------+---------+-------+---------
         Total |       0 |      80 |   0.0 |       0 |      37 |   0.0 |  1436
               +---------+---------+-------+---------+---------+-------+---------
           D:1 |       0 |      61 |   0.0 |       0 |      31 |   0.0 |  1201
           D:2 |       0 |      19 |   0.0 |       0 |       6 |   0.0 |   235
               +---------+---------+-------+---------+---------+-------+---------
